 Dungeon Crawl Stone Soup version 0.17-a0-146-gd505748 (webtiles) character file.

633 Ngotmuk the Skirmisher (level 7, -2/55 HPs)
             Began as a Demonspawn Fighter on Mar 25, 2015.
             Was an Initiate of Ru.
             Slain by Ngotmuk's ghost (7 damage)
             ... on level 5 of the Dungeon.
             The game lasted 00:11:28 (4660 turns).

Ngotmuk the Skirmisher (Demonspawn Fighter)         Turns: 4660, Time: 00:11:28

Health: -2/55      AC:  9    Str: 24    XL:     7   Next: 24%
Magic:  7/7        EV:  7    Int:  9    God:    Ru [......]
Gold:   224        SH: 10    Dex: 13    Spells: 0 memorised, 6 levels left

rFire  . . .     SeeInvis .     a - +0 flail
rCold  . . .     Clarity  .     b - +0 scale mail
rNeg   . . .     SustAb   .     c - +0 shield
rPois  +         Gourm    .     (no helmet)
rElec  .         Spirit   .     n - +0 cloak
rCorr  .         Warding  .     r - +0 pair of gloves
rMut   .         Stasis   .     (no boots)
MR     .....                    (no amulet)
Stlth  ++........               e - +6 ring of strength
                                s - ring of poison resistance

@: not resistant to hostile enchantments, unstealthy
A: foul stench 1, nightstalker 2, rot immunity
a: Renounce Religion


You were on level 5 of the Dungeon.
You worshipped Ru.
Ru was noncommittal.
You were not hungry.

You visited 2 branches of the dungeon, and saw 6 of its levels.

You collected 224 gold pieces.

Inventory:

Hand weapons
 a - a +0 flail (weapon)
Armour
 b - a +0 scale mail (worn)
 c - a +0 shield (worn)
 n - a +0 cloak (worn)
 r - a +0 pair of gloves (worn)
Jewellery
 e - a +6 ring of strength (right hand)
 m - an uncursed ring of protection from cold
 s - a ring of poison resistance (left hand)
Magical devices
 t - a wand of polymorph (8)
Scrolls
 f - a scroll of fog
 h - 3 scrolls of recharging {unknown}
 i - 3 scrolls of fear {unknown}
 j - a scroll of enchant weapon {unknown}
 k - 2 scrolls of teleportation {unknown}
 l - a scroll of remove curse {unknown}
 o - a scroll of random uselessness {unknown}
 p - 2 scrolls of identify {unknown}
 q - a scroll of blinking {unknown}
Potions
 g - 5 potions of curing
 u - a potion of degeneration {unknown}
Comestibles
 d - 2 bread rations


   Skills:
 + Level 4.9 Fighting
 + Level 3.6 Maces & Flails
 + Level 4.7 Armour
 + Level 4.3 Shields


You had 6 spell levels left.
You didn't know any spells.

Dungeon Overview and Level Annotations

Branches:
Dungeon (5/15)             Temple (1/1) D:5

Altars:
Dithmenos
Fedhas
Gozag
Makhleb
Nemelex Xobeh
Okawaru
Qazlal
Ru
Sif Muna
Vehumet
Zin
The Shining One

Annotations:
D:4 Edmund
D:5 Ngotmuk's ghost, experienced DDFi


Innate Abilities, Weirdness & Mutations

You emit a foul stench.
You are significantly more attuned to the shadows.
You are immune to rotting.


Message History

You hit Ngotmuk's ghost but do no damage.
Ngotmuk's ghost is heavily damaged.
You block Ngotmuk's ghost's attack.
You hit Ngotmuk's ghost!
Ngotmuk's ghost is severely damaged.
You block Ngotmuk's ghost's attack. Ngotmuk's ghost stares at you.
Ngotmuk's ghost hits you but does no damage.
You hit Ngotmuk's ghost but do no damage.
Ngotmuk's ghost is severely damaged.
Ngotmuk's ghost hits you but does no damage.
You hit Ngotmuk's ghost but do no damage.
Ngotmuk's ghost is severely damaged.
Ngotmuk's ghost hits you.
* * * LOW HITPOINT WARNING * * *
You hit Ngotmuk's ghost.
Ngotmuk's ghost is severely damaged.
Ngotmuk's ghost hits you but does no damage.
Ngotmuk's ghost hits you!
You die...

. . .. ...
#. > ..
#.### ##.
#. #... ..
. #.W# #. #
#.@# ##.##
# #..#
.##...####
#..#
#....#.....
#####..#
#...####
.......#
##....#
##...#.#
####.#
.###..# #.#
#..# #.#
#..# #.#


You could see Ngotmuk's ghost.

Vanquished Creatures
  An ice beast (D:5)
  The ghost of Emanloe the Skirmisher, an average GrBe of Trog (D:3)
  Sigmund (D:4)
  A scorpion (D:5)
  An orc priest (D:5)
  Crazy Yiuf (D:2)
  2 hounds
  An orc wizard (D:5)
  Natasha (thrice) (D:4)
  6 adders
  A shadow imp (D:5)
  3 worms
  2 giant mites
  An adder skeleton (D:5)
  4 orcs
  12 bats
  6 giant cockroaches
  9 goblins
  8 hobgoblins
  5 jackals (D:2)
  10 kobolds
  2 quokkas
  3 ball pythons
  A giant gecko (D:3)
  A giant newt (D:1)
  A jackal skeleton (D:4)
  9 rats
96 creatures vanquished.

Notes
Turn   | Place    | Note
--------------------------------------------------------------
     0 | D:1      | Ngotmuk, the Demonspawn Fighter, began the quest for the Orb.
     0 | D:1      | Reached XP level 1. HP: 18/18 MP: 1/1
   317 | D:1      | Gained mutation: You are slightly more attuned to the shadows. [demonic ancestry]
   317 | D:1      | Reached XP level 2. HP: 24/24 MP: 2/2
   863 | D:2      | Gained mutation: You are immune to rotting. [demonic ancestry]
   863 | D:2      | Reached XP level 3. HP: 12/29 MP: 3/3
  1747 | D:2      | Noticed Crazy Yiuf
  1753 | D:2      | Killed Crazy Yiuf
  1753 | D:2      | Gained mutation: You emit a foul stench. [demonic ancestry]
  1753 | D:2      | Reached XP level 4. HP: 16/36 MP: 4/4
  2413 | D:3      | Noticed Emanloe's ghost (average GrBe)
  2423 | D:3      | Killed Emanloe's ghost
  2423 | D:3      | Reached skill level 4 in Fighting
  2423 | D:3      | Gained mutation: You are significantly more attuned to the shadows. [demonic ancestry]
  2423 | D:3      | Reached XP level 5. HP: 30/42 MP: 5/5
  2678 | D:3      | Found a blossoming altar of Fedhas.
  2897 | D:4      | Noticed Natasha
  2905 | D:4      | Killed Natasha
  2932 | D:4      | Noticed Natasha
  2935 | D:4      | Killed Natasha
  2955 | D:4      | Reached XP level 6. HP: 24/48 MP: 6/6
  2986 | D:4      | Noticed Edmund
  3043 | D:4      | Noticed Sigmund
  3081 | D:4      | Killed Sigmund
  3533 | D:4      | Noticed Natasha
  3540 | D:4      | Killed Natasha
  3744 | D:4      | Found a stormy altar of Qazlal.
  3794 | D:4      | Found a deep blue altar of Sif Muna.
  3950 | D:5      | Entered Level 5 of the Dungeon
  3987 | D:5      | Noticed Ngotmuk's ghost (experienced DDFi)
  4281 | D:5      | Reached XP level 7. HP: 34/55 MP: 7/7
  4289 | D:5      | Found a staircase to the Ecumenical Temple.
  4297 | Temple   | Entered the Ecumenical Temple
  4551 | Temple   | Became a worshipper of Ru the Awakened
  4660 | D:5      | Slain by Ngotmuk's ghost

Action                   |  1- 3 |  4- 6 |  7- 9 || total
-------------------------+-------+-------+-------++-------
Melee: Flail             |   138 |   257 |    62 ||   457
  Use: Potion            |     1 |     1 |       ||     2
       Scroll            |       |     2 |       ||     2
 Stab: Sleeping          |       |     1 |       ||     1
       Distracted        |       |     1 |       ||     1
  Eat: Bread ration      |     1 |       |     1 ||     2
       Meat ration       |     1 |       |       ||     1
       Pizza             |       |     1 |       ||     1
